 Dungeon Crawl Stone Soup version 0.31.0-11-ge490571c62 (webtiles) character file.

Game seed: 6439816577123071150

21 jagang the Slasher (level 2, 0/24 HPs)
             Began as a Human Monk on Jan 29, 2024.
             Succumbed to Sigmund's poison
             ... on level 2 of the Dungeon.
             The game lasted 00:01:10 (648 turns).

jagang the Slasher (Human Monk)                      Turns: 648, Time: 00:01:11

Health: 0/24       AC:  8    Str: 11    XL:     2   Next: 83%
Magic:  2/2        EV:  6    Int: 10    God:
Gold:   15         SH:  0    Dex: 15    Spells: 1/1 levels left

rFire   . . .        a - +0 falchion
rCold   . . .        d - orb {light}
rNeg    . . .        g - +0 chain mail
rPois   .            (no helmet)
rElec   .            (no cloak)
rCorr   .            (no gloves)
SInv    .            (no boots)
Will    .....        (no amulet) Stlth
                     (no ring)
HPRegen 0.24/turn    (no ring)
MPRegen 0.08/turn

%: no passive effects
@: lethally poisoned (0 -> -12), glowing
A: explore regen
a: no special abilities


You were on level 2 of the Dungeon.
You visited 1 branch of the dungeon, and saw 2 of its levels.

You collected 15 gold pieces.

Inventory:

Hand Weapons
 a - a +0 falchion (weapon)
Missiles
 j - 4 poisoned darts (quivered)
Armour
 d - an orb of light (worn)
 g - a +0 chain mail (worn)
Scrolls
 e - 2 scrolls of identify {unknown}
 f - a scroll of enchant armour {unknown}
 h - a scroll of vulnerability {unknown}
 i - a scroll of teleportation {unknown}
 k - a scroll of amnesia {unknown}
 l - a scroll of immolation {unknown}
Potions
 b - a potion of enlightenment {unknown}
 c - a potion of ambrosia


   Skills:
 + Level 3.2 Fighting
 + Level 3.2 Long Blades
 * Level 1.5 Armour
 - Level 3.0 Dodging


You had one spell level left.
You didn't know any spells.
Your spell library contained the following spells:

 Spells                   Type           Power      Damage    Failure   Level
 Necrotise                Necr           0%         1d4       100%        1
 Vampiric Draining        Necr           0%         2d6       100%        3
 Martyr's Knell           Necr/Summ      0%         N/A       100%        4
 Curse of Agony           Necr           0%         N/A       100%        5


Dungeon Overview and Level Annotations

Branches:
Dungeon (2/15)

Altars:

Annotations:
D:2 Sigmund


Innate Abilities, Weirdness & Mutations

You regain HP and MP as you explore.


Message History

Found a whip.
You see here a +0 whip.
l - a scroll labelled BUGREN CANUAL Done exploring.
There is a stone staircase leading down here.
Search for what [? for help]?
D:1 You climb downwards.
There is a stone staircase leading up here.
Sigmund the Dreaded comes into view.
He is wielding a +3 scythe of venom.
Sigmund casts a spell at you. The magic dart hits you.
Sigmund hits you from afar with a +3 scythe of venom.
You closely miss Sigmund. Sigmund barely misses you.
You hit Sigmund.
Sigmund is lightly wounded.
Sigmund hits you with a +3 scythe of venom!
You hit Sigmund.
Sigmund is moderately wounded.
You slash Sigmund!
Sigmund is severely wounded.
Sigmund hits you with a +3 scythe of venom.
You are poisoned.
You are too injured to fight recklessly!
You are too injured to fight recklessly!
You barely miss Sigmund.
Sigmund is severely wounded.
You feel sick. Sigmund completely misses you.
You slash Sigmund!
Sigmund is almost dead.
You feel sick.
Sigmund hits you with a +3 scythe of venom.
You barely miss Sigmund.
Sigmund is almost dead.
You feel sick.
Sigmund hits you with a +3 scythe of venom.
* * * LOW HITPOINT WARNING * * *
You are lethally poisoned!
You barely miss Sigmund.
Sigmund is almost dead.
You die...

######
#<...#
#.####.#
#....@.#
#....@..#
#.####.##
#.# ...
... ####


You could see Sigmund.

Vanquished Creatures
  3 ball pythons (D:1)
  2 endoplasms (D:1)
  A giant cockroach (D:1)
  A goblin (D:1)
  3 hobgoblins (D:1)
  4 jackals (D:1)
  2 kobolds (D:1)
  2 rats (D:1)
18 creatures vanquished.

Notes
Turn   | Place    | Note
-------+----------+-------------------------------------------
     0 | D:1      | jagang the Human Monk began the quest for the Orb.
     0 | D:1      | Reached XP level 1. HP: 18/18 MP: 1/1
   179 | D:1      | Reached XP level 2. HP: 24/24 MP: 2/2
   213 | D:1      | Reached skill level 1 in Armour
   638 | D:2      | Noticed Sigmund
   648 | D:2      | Succumbed to Sigmund's poison

Illustrated notes

Levels and vault maps discovered:
D:1:      dpeg_arrival_shelter, layout_loops_cross
D:2:      layout_basic, serial_shops, nicolae_shop_pleasant_corner_grove,
          uniq_crazy_yiuf_cottage, uniq_sigmund

Skill      XL: |  1  2 |
---------------+-------+-----
Armour         | 1 |  1.5
Fighting       | |  3.2
Long Blades    | |  3.2
Dodging        | |  3.0

Action                     || total
---------------------------++-------
  Melee: Falchion          ||    54
 Armour: Chain mail        ||    36
         Robe              ||     1
  Dodge: Dodged            ||    16
